AoeStats
← 沒起房子我日

Arena

508788621Analyzed
4v4 RM · 8d ago on Sep 24, 2026· 58m 46s· 8 players
Game mode
Random Map
Map size
Large (8 player)
Population
200
Speed
Normal
Resources
Standard
Victory
Conquest
Starting age
Dark Age
Ending age
Imperial Age
RankedLock teamsTeams togetherTeam positionsShared explorationLock speedFull tech treeHidden civsTurbo modeCheats
Victory
Defeat
🇹🇼 Bengalis · Taiwan
1487
+20
🇵🇦 Turks · Panama
1431
+22
🇨🇿 Hindustanis · Czechia
1408
+23
🇺🇸 Cumans · United States
1390
+23
🇧🇷 Shu · Brazil
1661
-25
🇨🇳 Dravidians · China
1572
-22
🇦🇷 Saxons · Argentina
1567
-22
🇦🇷 Gurjaras · Argentina
1476
-19
jAvi
9:17 Feudal Age
10:50 Double-Bit Axe
13:35 Castle Age
12:16 Horse Collar
20:16 Bow Saw
21:22 Wheelbarrow
21:25 Heavy Plow
21:54 Fletching
22:32 Bodkin Arrow
22:43 Elite Skirmisher
25:08 Thumb Ring
26:26 Ballistics
26:13 Squires
26:54 Hand Cart
27:49 Pikeman
31:23 Scale Mail Armor
31:49 Loom
33:40 Chain Mail Armor
33:35 Forging
36:49 Imperial Age
34:36 Arson
35:27 Gambesons
35:45 Man-at-Arms
37:35 Iron Casting
37:01 Padded Archer Armor
36:27 Long Swordsman
38:11 Plate Mail Armor
37:41 Bracer
37:07 Halberdier
37:22 Two-Handed Swordsman
38:21 Champion
38:59 Capped Ram
40:59 Crop Rotation
41:51 Two-Man Saw
41:52 Conscription
42:46 Scale Barding Armor
43:50 Chain Barding Armor
43:31 Light Cavalry
44:22 Bloodlines
44:13 Husbandry
43:41 Cavalier
45:06 Leather Archer Armor
45:11 Shield Wall
46:55 Ring Archer Armor
47:49 Coinage
49:23 Banking
50:31 Chemistry
53:49 Heavy Mounted Crossbowman
57:56 Hussar
APZz_
10:00 Feudal Age
13:36 Castle Age
12:31 Double-Bit Axe
13:36 Gold Mining
13:40 Loom
13:50 Horse Collar
18:18 Bow Saw
21:48 Heavy Plow
23:48 Wheelbarrow
25:11 Fletching
26:09 Bodkin Arrow
26:38 Padded Archer Armor
26:31 Crossbowman
27:23 Thumb Ring
27:40 Ballistics
27:48 Masonry
30:04 Treadmill Crane
33:17 Leather Archer Armor
38:08 Imperial Age
36:57 Hand Cart
37:19 Gold Shaft Mining
36:48 Stone Mining
38:20 Fortified Wall
38:12 Arbalester
39:54 Chemistry
38:56 Bracer
39:27 Ring Archer Armor
41:55 Bolt Magazine
42:15 Conscription
42:18 Guilds
44:24 Two-Man Saw
44:24 Siege Engineers
44:50 Architecture
47:26 Coinage
46:57 Caravan
48:00 Scale Mail Armor
48:05 Scale Barding Armor
48:11 Forging
48:06 Coiled Serpent Array
49:16 Banking
53:06 Elite White Feather Guard
54:04 Chain Mail Armor
54:09 Chain Barding Armor
55:57 Squires
55:42 Arson
57:43 Plate Mail Armor
serendipity
8:29 Loom
10:15 Feudal Age
13:47 Castle Age
12:14 Double-Bit Axe
14:34 Horse Collar
18:30 Loom
28:18 Wheelbarrow
28:09 Bow Saw
29:55 Heavy Plow
30:06 Scale Mail Armor
30:25 Hand Cart
30:52 Fortified Wall
32:10 Ballistics
35:07 Imperial Age
33:01 Padded Archer Armor
33:03 Fletching
32:47 Elite Skirmisher
34:08 Bodkin Arrow
34:28 Leather Archer Armor
36:04 Bracer
38:04 Chemistry
37:41 Ring Archer Armor
misaelbauer2017
9:41 Feudal Age
13:49 Castle Age
11:41 Double-Bit Axe
12:24 Horse Collar
19:56 Bow Saw
20:34 Scale Barding Armor
23:07 Wheelbarrow
22:18 Loom
22:41 Gold Mining
22:54 Heavy Plow
23:39 Forging
23:37 Town Watch
24:54 Gold Shaft Mining
24:23 Stone Mining
25:34 Chain Barding Armor
26:45 Hand Cart
31:15 Imperial Age
28:55 Husbandry
29:05 Bloodlines
29:33 Iron Casting
31:04 Stone Shaft Mining
31:38 Heavy Camel Rider
32:30 Kshatriyas
33:16 Plate Barding Armor
34:15 Elite Shrivamsha Rider
37:35 Conscription
37:23 Elite Chakram Thrower
38:36 Scale Mail Armor
39:56 Chain Mail Armor
41:58 Plate Mail Armor
45:11 Light Cavalry
45:55 Hussar
49:04 Caravan
49:49 Fletching
Diheadwarlord
6:55 Loom
8:54 Feudal Age
10:31 Double-Bit Axe
16:15 Horse Collar
21:45 Castle Age
20:30 Fletching
21:31 Wheelbarrow
21:18 Scale Barding Armor
22:36 Bloodlines
22:47 Gold Mining
23:43 Chain Barding Armor
23:05 Light Cavalry
25:31 Forging
33:07 Iron Casting
34:25 Bodkin Arrow
36:19 Padded Archer Armor
38:00 Elite Skirmisher
39:25 Bow Saw
39:46 Leather Archer Armor
46:33 Imperial Age
47:54 Hand Cart
52:12 Imperial Age
50:33 Stone Mining
53:32 Ballistics
54:13 Chemistry
57:50 Ring Archer Armor
Xerg
9:26 Loom
12:12 Feudal Age
16:53 Castle Age
14:54 Double-Bit Axe
20:59 Imperial Age
19:02 Bow Saw
19:43 Gold Mining
19:55 Padded Archer Armor
21:19 Leather Archer Armor
29:32 Ring Archer Armor
45:46 Scale Barding Armor
46:48 Bloodlines
47:15 Artillery
48:46 Murder Holes
49:03 Masonry
50:56 Chain Barding Armor
54:20 Plate Barding Armor
沒起房子我日
10:01 Feudal Age
13:47 Castle Age
12:16 Loom
12:19 Double-Bit Axe
12:14 Horse Collar
15:07 Bow Saw
18:10 Sanctity
19:29 Redemption
23:46 Wheelbarrow
23:53 Fervor
24:15 Squires
25:22 Gold Mining
27:09 Heavy Plow
28:41 Stone Mining
29:57 Hand Cart
30:08 Pikeman
31:34 Gold Shaft Mining
34:35 Imperial Age
32:32 Scale Mail Armor
32:43 Forging
33:58 Chain Mail Armor
35:57 Block Printing
35:24 Halberdier
36:41 Iron Casting
37:32 Theocracy
38:24 Illumination
39:19 Two-Man Saw
38:50 Crop Rotation
38:36 Arson
39:16 Conscription
39:05 Paiks
40:21 Blast Furnace
39:27 Scale Barding Armor
40:45 Chemistry
39:56 Husbandry
40:07 Bloodlines
40:00 Elite Battle Elephant
41:27 Mahayana
42:16 Chain Barding Armor
42:24 Ballistics
42:10 Siege Engineers
43:56 Plate Barding Armor
43:37 Guilds
44:48 Fletching
45:12 Masonry
48:37 Architecture
50:10 Coinage
49:42 Caravan
50:01 Siege Elephant
50:26 Light Cavalry
57:15 Guard Tower
57:11 Arrowslits
58:17 Banking
58:55 Town Watch
Bananaman651
10:46 Feudal Age
11:34 Double-Bit Axe
14:28 Castle Age
13:07 Horse Collar
15:28 Bow Saw
24:43 Wheelbarrow
23:54 Loom
28:05 Imperial Age
26:17 Hand Cart
25:48 Town Watch
26:17 Fletching
26:27 Padded Archer Armor
26:36 Gold Mining
27:02 Bodkin Arrow
28:20 Masonry
28:14 Heavy Plow
29:50 Chemistry
28:53 Shatagni
29:14 Stone Mining
30:44 Two-Man Saw
29:47 Bracer
30:06 Leather Archer Armor
29:54 Grand Trunk Road
30:52 Ballistics
31:53 Ring Archer Armor
32:57 Gold Shaft Mining
32:59 Stone Shaft Mining
32:26 Murder Holes
32:56 Scale Barding Armor
33:01 Forging
32:53 Husbandry
33:04 Bloodlines
33:38 Siege Elephant
36:59 Fortified Wall
36:56 Heavy Camel Rider
36:56 Light Cavalry
37:58 Chain Barding Armor
38:13 Iron Casting
38:19 Hussar
39:52 Plate Barding Armor
39:33 Imperial Camel Rider
40:24 Guard Tower
40:40 Siege Engineers
42:09 Town Patrol
43:29 Blast Furnace
42:52 Conscription
43:08 Hoardings
Connection lost

Rejoining the realm…

Still unreachable

The connection could not be restored.

Session expired

The server has moved on; the page needs a fresh start.